 Dungeon Crawl Stone Soup version 0.26-a0-670-g578ab304f5 (webtiles) character file.

Game seed: 653232452651627991

(classic levelgen) 34 EnegeticOcto the Digger (level 3, -11/21 HPs)
             Began as a Halfling Earth Elementalist on Oct 19, 2020.
             Mangled by an ogre
             ... wielding a +0 giant club
              (28 damage)
             ... on level 4 of the Dungeon.
             The game lasted 00:07:20 (729 turns).

EnegeticOcto the Digger (HaEE)                       Turns: 729, Time: 00:07:21

Health: -11/21     AC:  3    Str:  9    XL:     3   Next: 50%
Magic:  1/5        EV: 15    Int: 14    God:
Gold:   42         SH:  0    Dex: 14    Spells: 1/5 levels left

rFire    . . .     SeeInvis .   u - +0 long sword
rCold    + . .     Faith    +   (shield restricted)
rNeg     . . .     Spirit   .   c - +0 robe
rPois    .         Reflect  .   (no helmet)
rElec    .         Harm     .   k - +0 cloak
rCorr    .         Rampage  .   (no gloves)
MR       .....                  (no boots)
Stlth    ++........             p - amulet of faith
HPRegen  0.07/turn              q - ring of protection from cold
MPRegen  0.09/turn              (no ring)

@: no status effects
A: small, mutation resistance 1
a: no special abilities


You were on level 4 of the Dungeon.
You visited 1 branch of the dungeon, and saw 5 of its levels.

You collected 42 gold pieces.

Inventory:

Hand Weapons
 e - a +0 dagger
 n - a +0 falchion
 u - a +0 long sword (weapon)
Missiles
 b - 77 stones (quivered)
Armour
 c - a +0 robe (worn)
 f - a +0 buckler
 k - a +0 cloak (worn)
Jewellery
 p - an amulet of faith (around neck)
 q - a ring of protection from cold (left hand)
Scrolls
 a - 2 scrolls of remove curse {unknown}
 h - a scroll of fog {unknown}
 j - 2 scrolls of enchant armour {unknown}
 m - a scroll of immolation {unknown}
 o - a scroll of amnesia {unknown}
 s - a scroll of enchant weapon {unknown}
 t - a scroll of fear {unknown}
Potions
 d - a potion of mutation {unknown}
 g - a potion of curing {unknown}
 i - a potion of flight {unknown}
 l - a potion of brilliance {unknown}
 r - a potion of ambrosia {unknown}
 v - a potion of heal wounds {unknown}


   Skills:
 - Level 2.1 Dodging
 - Level 2.1 Stealth
 - Level 1.5 Spellcasting
   Level 0.5 Transmutations
 + Level 4.3 Earth Magic


You had one spell level left.
You knew the following spells:

 Your Spells              Type           Power        Failure   Level
a - Sandblast             Erth           ##....       4%          1
b - Stone Arrow           Conj/Erth      #.....       30%         3

Your spell library contained the following spells:

 Spells                   Type           Power        Failure   Level
 Passwall                 Tmut/Erth      #.......     14%         2
 Petrify                  Tmut/Erth      #.......     67%         4
 Lee's Rapid Deconstruct  Erth           ##........   75%         5


Dungeon Overview and Level Annotations

Branches:
Dungeon (5/15)
 Temple: D:4-7

Altars:
Hepliaklqana
Okawaru
Zin


Innate Abilities, Weirdness & Mutations

You are small and have problems with some larger weapons.
You are somewhat resistant to further mutation.


Message History

Found a scroll labeled LIEPRIQ KIHOO and 18 gold pieces.
s - a scroll labeled SIHIOD XUSU
t - a scroll labeled WITIS NESTYICS You now have 24 gold pieces (gained 11).
There is a stone staircase leading down here.
You climb downwards.
Found 18 gold pieces and a long sword.
There is a stone staircase leading up here.
You see here a long sword.
u - a +0 long sword (weapon)
There is a stone staircase leading up here.
You climb upwards.
There is a stone staircase leading down here.
Found a yellow potion.
There is a stone staircase leading up here.
You climb upwards. 6 frilled lizards, a quokka and an orc priest come into view.
The orc priest shouts!
The frilled lizard hisses angrily. x4
You hear a shout!
The frilled lizard bites the plant.
The plant begins to die.
The frilled lizard bites the plant.
A frilled lizard comes into view.
An orc comes into view. It is wielding a +0 dagger.
The quokka moves out of view.
You hear an angry hiss.
The frilled lizard hisses angrily.
You hear an angry hiss.
Found a hand axe and a leather armour.
There is a stone staircase leading down here.
The frilled lizard bites the plant.
The plant begins to die.
Something bites the plant.
You climb downwards.
There is a stone staircase leading up here.
v - a yellow potion
Found 18 arrows.
An ogre comes into view. It is wielding a +0 giant club.
You now have 42 gold pieces (gained 18).
j - 2 scrolls labeled LIEPRIQ KIHOO (gained 1)
You see here 18 arrows.
Found a scroll labeled LEPLUUCAON.
Casting: Sandblast (safe; 4% risk of failure)
Confirm with . or Enter, or press ? or * to list all spells.
Aiming: Sandblast (safe; 4% risk of failure)
Press: ? - help, Shift-Dir - straight line, f - you That would be overly suicidal.
Okay, then.
Casting: Sandblast (safe; 4% risk of failure)
Confirm with . or Enter, or press ? or * to list all spells.
Aiming: Sandblast (safe; 4% risk of failure)
Press: ? - help, Shift-Dir - straight line, f - ogre
Aim: an ogre, wielding a +0 giant club (asleep)
You miscast Sandblast.
You are very lightly contaminated with residual magic.
Nothing appears to happen.
The ogre shouts!
Casting: Sandblast (safe; 4% risk of failure)
Confirm with . or Enter, or press ? or * to list all spells.
Aiming: Sandblast (safe; 4% risk of failure)
Press: ? - help, Shift-Dir - straight line, f/p - ogre
Aim: an ogre, wielding a +0 giant club The blast of sand hits the ogre.
The ogre is lightly wounded.
b - 80 stones
Casting: Sandblast (safe; 4% risk of failure)
Confirm with . or Enter, or press ? or * to list all spells.
Aiming: Sandblast (safe; 4% risk of failure)
Press: ? - help, Shift-Dir - straight line, f/p - ogre
Aim: an ogre, wielding a +0 giant club (lightly wounded)
You miscast Sandblast.
Nothing appears to happen.
The ogre misses you.
Casting: Sandblast (safe; 4% risk of failure)
Confirm with . or Enter, or press ? or * to list all spells.
Aiming: Sandblast (safe; 4% risk of failure)
Press: ? - help, Shift-Dir - straight line, f/p - ogre
Aim: an ogre, wielding a +0 giant club (lightly wounded)
The blast of sand hits the ogre.
The ogre is lightly wounded.
b - 79 stones
Casting: Sandblast (safe; 4% risk of failure)
Confirm with . or Enter, or press ? or * to list all spells.
Aiming: Sandblast (safe; 4% risk of failure)
Press: ? - help, Shift-Dir - straight line, f/p - ogre
Aim: an ogre, wielding a +0 giant club (lightly wounded)
The blast of sand hits the ogre.
The ogre is moderately wounded.
b - 78 stones The ogre hits you with a +0 giant club.
You see here 18 arrows.
Your magical contamination has completely faded away.
You see here 18 arrows.
Casting: Sandblast (safe; 4% risk of failure)
Confirm with . or Enter, or press ? or * to list all spells.
Aiming: Sandblast (safe; 4% risk of failure)
Press: ? - help, Shift-Dir - straight line, f/p - ogre
Aim: an ogre, wielding a +0 giant club (moderately wounded)
The blast of sand hits the ogre!
The ogre is severely wounded.
b - 77 stones The ogre hits you with a +0 giant club!!
Ouch! That really hurt!
You die...

#.# .## #.# ..#
#.# #.# ###.# #.#
##...###.#
#.....##.#
#......(.# ###
#.....##.#######
..#
##...###@......?
#.#
#####..##O..######
#.# #<..........#
#.#
#.###..........#
#.# #.#
#.########## #.#
#.# #.# #.#
#.###.####
##.####......).#
...............#


You could see an ogre.

Vanquished Creatures
  A dart slug (D:3)
  A leopard gecko (D:2)
  3 orcs (D:3)
  A giant cockroach (D:1)
  2 goblins
  7 hobgoblins
  5 bats
  2 frilled lizards
  4 kobolds
26 creatures vanquished.

Vanquished Creatures (others)
  A plant (D:3)
1 creature vanquished.

Grand Total: 27 creatures vanquished

Notes
Turn   | Place    | Note
-------+----------+-------------------------------------------
     0 | D:1      | EnegeticOcto the Halfling Earth Elementalist began the
                  | quest for the Orb.
     0 | D:1      | Reached XP level 1. HP: 11/11 MP: 3/3
   119 | D:1      | Reached XP level 2. HP: 7/17 MP: 0/4
   250 | D:2      | Noticed a scorpion
   262 | D:3      | Found a glowing silver altar of Zin.
   384 | D:3      | Reached skill level 4 in Earth Magic
   384 | D:3      | Reached XP level 3. HP: 11/21 MP: 0/5
   419 | D:3      | Found a hazy altar of Hepliaklqana.
   509 | D:3      | Found an iron altar of Okawaru.
   624 | D:3      | Learned a level 3 spell: Stone Arrow
   647 | D:5      | Entered Level 5 of the Dungeon
   692 | D:4      | Noticed an ogre
   729 | D:4      | Mangled by an ogre

Illustrated notes

Levels and vault maps discovered:
D:1:      saegor_arrival_simple_e, layout_loops_ring
D:2:      layout_basic, minmay_octomino_e4, uniq_crazy_yiuf_cottage
D:3:      corexii_shack_village, layout_loops_ring,
          nicolae_overflow_crystal_walls, old_standard_altar,
          old_standard_altar, hangedman_feature_mirror, grunt_ministairs_9,
          minmay_lizard_king, uniq_terence
D:4:      layout_loops_ring, nicolae_tso_carved_into_rock
D:5:      layout_basic, lemuel_round_altar,
          minmay_temple_entry_statues_fountains, serial_shops,
          nicolae_shop_waterfront, nicolae_shop_overgrown_old_shop, shop_coins,
          kennysheep_mini, shop_statue, uniq_eustachio

Skill      XL: |  1  2 |
---------------+-------+-----
Earth Magic    | 4 |  4.3
Dodging        | |  2.1
Stealth        | |  2.1
Spellcasting   | |  1.5
Transmutations | |  0.5

Action                   || total
-------------------------++-------
Melee: Dagger            ||    12
       Falchion          ||    18
 Cast: Sandblast         ||    32
 Stab: Sleeping          ||     1
Armor: Robe              ||    12
Dodge: Dodged            ||    41
       Rpst.: Falchion   ||     5

Table legend: (Time is in decaauts)
 A = Elapsed time spent in this place.
 B = Non-inter-level travel time spent in this place.
 C = Inter-level travel time spent in this place.
 D = Time resting spent in this place.
 E = Time spent auto-exploring this place.
 F = Levels seen in this place.
 G = Mean time per level.
                   A        B        C        D        E       F      G
               +--------+--------+--------+--------+--------+-----+--------+
         Total |    734 |    733 |      1 |      0 |      0 |   5 |  146.8 |
       Dungeon |    734 |    733 |      1 |      0 |      0 |   5 |  146.8 |
               +--------+--------+--------+--------+--------+-----+--------+

Top non-repeatable levels by time:
     D:3: 367 daAuts
     D:1: 230 daAuts
     D:4: 92 daAuts
     D:2: 36 daAuts
     D:5: 8 daAuts
